Map: Backwater LE

Players

TheJoy - Winner!

  • Race: Terran Terran
  • League: Platinum
  • Spawn Location: 5:00

CinDra

  • Race: Zerg Zerg
  • League: Gold
  • Spawn Location: 11:00

VOD

Have the link to the VOD?

Description

Time

  • Played on: March 12, 2018, 6:23 p.m.
  • Length: 9:17
Show
View Real Time Build Order
Export as new Build Order

TheJoy Terran - Winner!

Build Orders: MMM Bio 

Get SALT Encoding   

  12  0:06  SCV  
  13  0:18  SCV  
  14  0:21  Supply Depot  
  14  0:31  SCV  
  14  0:34  Refinery  
  15  0:43  SCV  
  15  0:48  Barracks  
  16  0:55  SCV  
  17  1:07  SCV  
  18  1:19  SCV  
  19  1:30  Supply Depot  
  19  1:31  SCV  
  20  1:34  Marine  
  20  1:36  Barracks  
  21  1:43  SCV  
  22  1:52  Marine  
  23  2:01  SCV  
  24  2:10  Marine  
  25  2:32  Barracks Reactor  
  25  2:35  Command Center  
  25  2:39  Orbital Command  
  25  2:51  Supply Depot  
  25  2:58  Barracks Tech Lab  
  25  3:07  SCV  
  25  3:11  Marine x2, Supply Depot  
  28  3:19  Concussive Shells, Marauder  
  30  3:28  SCV  
  30  3:29  Marine x2  
  33  3:40  Marauder  
  35  3:42  Factory  
  35  3:45  SCV  
  35  3:46  Refinery  
  36  3:52  Orbital Command  
  36  3:57  SCV  
  36  4:02  Marauder  
  39  4:11  SCV  
  39  4:12  Combat Shields  
  39  4:14  Marine x2  
  42  4:19  SCV  
  42  4:23  Marauder  
  45  4:29  Supply Depot  
  45  4:31  Factory Tech Lab  
  45  4:50  Siege Tank  
  42  4:55  Barracks  
  42  4:58  Marauder, Marine x2  
  46  5:01  SCV  
  46  5:03  SCV  
  48  5:14  Engineering Bay  
  48  5:16  Marine x2  
  48  5:19  Marauder  
  52  5:22  Siege Tank, SCV x2  
  57  5:33  Marine  
  57  5:34  Marine, SCV x2  
  61  5:41  Marauder  
  61  5:42  Terran Infantry Armor Level 1  
  63  5:43  Factory  
  63  5:49  Refinery, SCV x2  
  65  5:54  Barracks Tech Lab  
  65  5:56  Marine x2  
  67  6:02  Marauder  
  69  6:11  SCV  
  69  6:15  Supply Depot  
  70  6:18  Supply Depot  
  70  6:26  SCV  
  70  6:29  Factory Tech Lab  
  71  6:34  Stimpack  
  71  6:35  Marauder x2  
  71  6:39  Marine x2  
  76  6:42  SCV x2  
  76  6:45  Refinery  
  79  6:50  Siege Tank, Supply Depot  
  79  6:52  Siege Tank  
  85  7:00  SCV x2  
  87  7:03  Marauder  
  87  7:04  Marauder, Marine x2  
  93  7:24  Marine x3  
  93  7:25  Marine  
  97  7:38  Siege Tank  
  97  7:42  Marine x2  
  102  7:44  Marine x2  
  102  7:45  Siege Tank  
  102  7:46  Supply Depot x2  
  102  7:49  Starport  
  102  7:58  SCV x2  
  104  8:05  Command Center  
  104  8:09  Supply Depot  
  104  8:10  Siege Tank  
  107  8:23  SCV x2  
  109  8:35  SCV x2  
  111  8:42  Starport  
Show
View Real Time Build Order
Export as new Build Order

CinDra Zerg 

Build Orders: Hatch First 

Get SALT Encoding   

  12  0:00  Drone  
  13  0:12  Overlord  
  13  0:17  Drone  
  14  0:30  Drone  
  14  0:31  Drone  
  14  0:35  Drone  
  17  0:55  Drone  
  17  0:56  Hatchery  
  17  1:03  Drone  
  18  1:06  Extractor  
  17  1:14  Spawning Pool  
  17  1:18  Drone  
  17  1:23  Drone  
  18  1:30  Drone  
  19  1:38  Overlord  
  19  1:49  Drone  
  20  2:01  Queen  
  20  2:02  Zergling x2  
  20  2:08  Queen, Zergling x2  
  25  2:11  Zergling x2  
  25  2:15  Metabolic Boost  
  27  2:18  Drone  
  27  2:22  Drone  
  29  2:48  Overlord  
  29  2:49  Overlord  
  29  3:06  Drone x6  
  35  3:18  Drone x6  
  35  3:19  Overlord  
  41  3:32  Queen  
  43  3:35  Hatchery  
  43  3:36  Queen  
  43  3:39  Drone  
  43  3:41  Drone  
  46  4:03  Drone x4, Overlord  
  46  4:04  Overlord  
  50  4:21  Zergling x10  
  50  4:24  Zergling x8  
  57  5:01  Drone x8  
  57  5:06  Baneling Nest  
  64  5:10  Extractor  
  64  5:11  Drone x2  
  64  5:12  Drone  
  66  5:19  Extractor  
  66  5:20  Extractor  
  64  5:37  Spore Crawler  
  64  5:39  Spore Crawler, Evolution Chamber  
  64  5:41  Spore Crawler, Evolution Chamber  
  59  5:56  Drone x2  
  59  5:57  Drone x3  
  64  6:12  Zerg Melee Weapons Level 1, Zerg Ground Armor Level 1  
  64  6:13  Lair  
  64  6:19  Drone x4  
  64  6:22  Drone x3  
  72  6:25  Drone x2  
  72  6:26  Drone  
  72  6:27  Overlord x4  
  72  6:28  Overlord x5  
  72  6:29  Overlord  
  74  6:42  Hatchery  
  73  6:48  Drone x4  
  73  6:49  Drone  
  78  6:57  Drone  
  78  7:03  Zergling x2  
  78  7:04  Zergling x12  
  78  7:05  Zergling x2  
  78  7:07  Baneling x5  
  78  7:08  Baneling x2  
  86  7:33  Centrifical Hooks  
  86  7:39  Zergling x22  
  86  7:40  Zergling x4  
  99  7:45  Drone  
  99  7:46  Hydralisk Den  
  95  7:57  Drone  
  95  7:58  Drone x4  
  100  8:14  Drone x2  
  100  8:15  Drone x3  
  105  8:30  Baneling  
  105  8:33  Hydralisk  
  105  8:34  Hydralisk x11  
  127  8:41  Zergling x2  
  127  8:42  Zergling x12  
Tags
 
Composition
MMM Bio
Matchup
TvZ
Spawn Locations
Cross Positions
Add a new tag
Caveats
  • Supply blocks, unpowered buildings, or Contaminate may cause inaccurate times.
  • Supply counts are checked every 10 seconds.